 Dungeon Crawl Stone Soup version 0.22.1-2-g9c5b331383 (webtiles) character file.

123 Jerry the Shield-Bearer (level 5, -4/36 HPs)
             Began as a Halfling Fighter on Nov 27, 2018.
             Killed by nerve-wracking pain
             ... invoked by Grinder
              (14 damage)
             ... on level 3 of the Dungeon.
             The game lasted 00:03:52 (2351 turns).

Jerry the Shield-Bearer (Halfling Fighter)          Turns: 2351, Time: 00:03:53

Health: -4/36      AC:  7    Str: 23    XL:     5   Next: 28%
Magic:  5/5        EV: 10    Int:  6    God:
Gold:   114        SH: 10    Dex: 14    Spells: 4/4 levels left

rFire    . . .     SeeInvis .   a - +0 long sword
rCold    . . .     Gourm    .   c - +0 shield
rNeg     . . .     Faith    .   b - +0 scale mail
rPois    .         Spirit   .   (no helmet)
rElec    .         Reflect  .   (no cloak)
rCorr    .         Harm     .   (no gloves)
MR       .....                  (no boots)
Stlth    ..........             (no amulet)
HPRegen  0.12/turn              (no ring)
MPRegen  0.09/turn              (no ring)

@: mighty
A: small, mutation resistance 1
a: no special abilities


You were on level 3 of the Dungeon.
You were not hungry.

You visited 1 branch of the dungeon, and saw 3 of its levels.

You collected 114 gold pieces.

Inventory:

Hand Weapons
 a - a +0 long sword (weapon)
 n - a +0 blowgun
Missiles
 o - 4 curare-tipped needles
Armour
 b - a +0 scale mail (worn)
 c - a +0 shield (worn)
Scrolls
 e - 2 scrolls of magic mapping {unknown}
 j - a scroll of fog {unknown}
 l - 3 scrolls of identify {unknown}
 m - a scroll of immolation {unknown}
Potions
 h - a potion of degeneration {unknown}
 i - 2 potions of curing {unknown}
 k - a potion of haste
Comestibles
 f - 5 rations


   Skills:
 + Level 3.1 Fighting
 * Level 3.4 Long Blades
 + Level 3.8 Armour
 + Level 1.5 Dodging
 + Level 3.8 Shields


You had 4 spell levels left.
You didn't know any spells.
Your spell library was empty.

Dungeon Overview and Level Annotations

Branches:
Dungeon (3/15)

Altars:
Hepliaklqana
Ru
Xom

Annotations:
D:3 Grinder, Robin


Innate Abilities, Weirdness & Mutations

You are small and have problems with some larger weapons.
You are somewhat resistant to further mutation.


Message History

You closely miss Grinder.
Grinder is moderately wounded.
Grinder hits you but does no damage.
Your shield and scale mail prevent you from hitting Grinder.
Grinder is moderately wounded.
Grinder drinks a potion.
Grinder seems to speed up.
Grinder hits you.
You writhe in agony.
You slash Grinder!
Grinder is heavily wounded.
Grinder says, "Wait up."
You block Grinder's attack. Grinder gestures at you.
Pain shoots through your body!
* * * LOW HITPOINT WARNING * * *
You hit Grinder.
Grinder is heavily wounded.
You block Grinder's attack. Grinder gestures at you.
Pain shoots through your body!
You die...

### #.###### #.....)#
#.####.# #.# #.# #####
#.# #.# #...# #.#
#.### #...# #.# #.@5#
#...# #.# #...[...#
##...#####.# #.......#
.'........># +.......#
##...#####.# #.......#
.+...'.....# ........#
##...#####.######+####
##...# #.# ..#### #.#


You could see Grinder.

Vanquished Creatures
  5 adders
  2 oozes (D:1)
  A worm (D:3)
  2 dart slugs
  A leopard gecko (D:1)
  3 giant cockroaches
  6 goblins
  11 hobgoblins
  2 jackals (D:1)
  4 quokkas (D:2)
  7 bats
  2 frilled lizards
  8 kobolds
  8 rats
62 creatures vanquished.

Notes
Turn   | Place    | Note
-------+----------+-------------------------------------------
     0 | D:1      | Jerry the Halfling Fighter began the quest for the Orb.
     0 | D:1      | Reached XP level 1. HP: 15/15 MP: 1/1
    45 | D:1      | Reached XP level 2. HP: 19/20 MP: 2/2
   147 | D:1      | Reached XP level 3. HP: 21/25 MP: 3/3
   247 | D:1      | Reached skill level 1 in Dodging
   813 | D:2      | Found a shimmering altar of Xom.
   814 | D:2      | Found a hazy altar of Hepliaklqana.
   815 | D:2      | Noticed a spectral ugly thing
   882 | D:2      | Reached XP level 4. HP: 30/30 MP: 4/4
  1061 | D:2      | Found a sacrificial altar of Ru.
  1658 | D:3      | Found a faded altar of an unknown god.
  1675 | D:3      | Reached XP level 5. HP: 36/36 MP: 5/5
  2201 | D:3      | Noticed Robin
  2343 | D:3      | Noticed Grinder
  2351 | D:3      | Killed from afar by Grinder

Skill      XL: |  1  2  3  4 |
---------------+-------------+-----
Dodging        | 1 |  1.5
Fighting       | 3 |  3.1
Long Blades    | 3 |  3.4
Armour         | |  3.8
Shields        | |  3.8

Action                   |  1- 3 |  4- 6 || total
-------------------------+-------+-------++-------
Melee: Long sword        |    98 |    78 ||   176
  Use: Potion            |       |     1 ||     1
  Eat: Chunk             |       |     5 ||     5
Armor: Scale mail        |    37 |    30 ||    67
Dodge: Dodged            |    45 |    26 ||    71
Block: Shield            |    60 |    32 ||    92
       Rpst.: Long sword |    12 |    11 ||    23
